 Dungeon Crawl Stone Soup version 0.29-a0-1009-g60c99734e7 (webtiles) character file.

Game seed: 7295267193115361765

2 Manisian the Sneak (level 1, -3/9 HPs)
             Began as a Spriggan Enchanter on Aug 8, 2022.
             Slain by a hobgoblin (4 damage)
             ... on level 1 of the Dungeon.
             The game lasted 00:00:12 (172 turns).

Manisian the Sneak (Spriggan Enchanter)              Turns: 172, Time: 00:00:12

Health: -3/9       AC:  2    Str:  4    XL:     1   Next: 25%
Magic:  5/5        EV: 17    Int: 16    God:
Gold:   0          SH:  0    Dex: 15    Spells: 5/5 levels left

rFire   . . .      SeeInvis +   a - +1 dagger
rCold   . . .      Faith    .   (no shield)
rNeg    . . .      Spirit   .   b - +0 robe
rPois   .          Reflect  .   (helmet restricted)
rElec   .          Harm     .   (no cloak)
rCorr   .          Rampage  .   (gloves unavailable)
Will    .....                   (boots unavailable)
Stlth   +++.......              (no amulet)
HPRegen 0.03/turn               (no ring)
MPRegen 0.09/turn               (no ring)

@: very quick
A: very small, no large weapons, unfitting armour, see invisible, speed 3
a: no special abilities


You were on level 1 of the Dungeon.
You visited 1 branch of the dungeon, and saw 1 of its levels.

Inventory:

Hand Weapons
 a - a +1 dagger (weapon)
Armour
 b - a +0 robe (worn)
Potions
 c - 2 potions of invisibility


   Skills:
 + Level 1.1 Short Blades
 + Level 2.7 Dodging
 + Level 4.5 Stealth
 + Level 2.7 Spellcasting
 + Level 3.7 Hexes


You had 5 spell levels left.
You didn't know any spells.
Your spell library contained the following spells:

 Spells                   Type           Power      Damage    Failure   Level
 Confusing Touch          Hex            14%        N/A       13%         3
 Tukima's Dance           Hex            14%        N/A       13%         3
 Ensorcelled Hibernation  Hex/Ice        16%        N/A       14%         2
 Dazzling Flash           Conj/Hex       16%        N/A       26%         3


Dungeon Overview and Level Annotations

Branches:
Dungeon (1/15)

Altars:


Innate Abilities, Weirdness & Mutations

You are very small and have problems with some larger weapons.
You are too small for most types of armour.
You have supernaturally acute eyesight. (SInv)
You cover ground extremely quickly. (Speed+++)


Message History

The endoplasm is almost dead.
The endoplasm barely misses you.
You hit the endoplasm.
You kill the endoplasm!
No target in view!
No target in view!
HP restored.
A hobgoblin comes into view.
A hobgoblin is nearby!
A frilled lizard comes into view.
The frilled lizard hisses angrily.
The hobgoblin shouts!
You hear a shout!
You hit the hobgoblin but do no damage. The hobgoblin hits you.
You hit the hobgoblin.
The hobgoblin is lightly wounded.
The hobgoblin barely misses you.
You hit the hobgoblin.
The hobgoblin is moderately wounded.
The hobgoblin hits you. The frilled lizard bites you.
* * * LOW HITPOINT WARNING * * *
You are too injured to fight recklessly!
You are too injured to fight recklessly!
You closely miss the hobgoblin.
The hobgoblin is moderately wounded.
The hobgoblin hits you but does no damage.
You hit the hobgoblin.
The hobgoblin is heavily wounded.
The hobgoblin misses you.
You hit the hobgoblin but do no damage.
The hobgoblin is heavily wounded.
The hobgoblin misses you.
You hit the hobgoblin but do no damage.
The hobgoblin is moderately wounded.
The hobgoblin completely misses you.
You barely miss the hobgoblin.
The hobgoblin is moderately wounded.
The hobgoblin misses you.
You closely miss the hobgoblin.
The hobgoblin is moderately wounded.
The hobgoblin hits you.
You die...

#. .# #.# .# #.# .. #.#
.# ##.# .## ##..#
#####..##
####...#######.......####
+.........†.@gl.........+
####...#######.##....####
##..## #.##.#..# ##.#.##
#.##l.#.# #.###.#
#....###.# ##.#.## ###.##
#.# #.## .# #.# #.# ## ##
#.#


You could see a hobgoblin and a frilled lizard.

Vanquished Creatures
  An endoplasm (D:1)
  A bat (D:1)
2 creatures vanquished.

Notes
Turn   | Place    | Note
-------+----------+-------------------------------------------
     0 | D:1      | Manisian the Spriggan Enchanter began the quest for the
                  | Orb.
     0 | D:1      | Reached XP level 1. HP: 9/9 MP: 5/5
   172 | D:1      | Slain by a hobgoblin

Illustrated notes

Levels and vault maps discovered:
D:1:      minmay_arrival_nine_rooms, layout_loops_corners, minmay_hexomino_f4

Action                   || total
-------------------------++-------
Melee: Dagger            ||    21
Armor: Robe              ||     2
Dodge: Dodged            ||    20

Table legend: (Time is in decaauts)
 A = Elapsed time spent in this place.
 B = Non-inter-level travel time spent in this place.
 C = Inter-level travel time spent in this place.
 D = Time resting spent in this place.
 E = Time spent auto-exploring this place.
 F = Levels seen in this place.
 G = Mean time per level.
                   A        B        C        D        E       F      G
               +--------+--------+--------+--------+--------+-----+--------+
         Total |    154 |    154 |      0 |      0 |    122 |   1 |  154.0 |
       Dungeon |    154 |    154 |      0 |      0 |    122 |   1 |  154.0 |
               +--------+--------+--------+--------+--------+-----+--------+

Top non-repeatable levels by time:
     D:1: 154 daAuts
